 Dungeon Crawl Stone Soup version 0.20.1-1-g8b1a95d66d (webtiles) character file.

331 JayJay1191 the Insei (level 6, -19/44 HPs)
             Began as a Vampire Transmuter on Dec 8, 2017.
             Demolished by a two-headed ogre
             ... wielding a +0 giant club
              (26 damage)
             ... on level 4 of the Dungeon.
             The game lasted 00:23:09 (2770 turns).

JayJay1191 the Insei (Vampire Transmuter)           Turns: 2770, Time: 00:23:10

Health: -19/44     AC:  2    Str:  9    XL:     6   Next: 26%
Magic:  6/9        EV: 21    Int: 18    God:
Gold:   151        SH:  0    Dex: 19    Spells: 3/9 levels left

rFire    . . .     SeeInvis +     - Unarmed
rCold    + . .     Gourm    .   (shield currently unavailable)
rNeg     . . .     Faith    .   (armour currently unavailable)
rPois    x         Spirit   .   (helmet currently unavailable)
rElec    .         Reflect  .   (cloak currently unavailable)
rCorr    .         Harm     .   (gloves currently unavailable)
MR       .....                  (boots currently unavailable)
Stlth    +++.......             (no amulet)
Regen    0.4/turn               i - ring of stealth
MPRegen  0.2/turn               p - ring of protection from cold

@: spider-form, regenerating quickly
A: see invisible
a: End Transformation


You were on level 4 of the Dungeon.
You were very full.
You were a venomous arachnid creature.
You visited 1 branch of the dungeon, and saw 4 of its levels.

You collected 151 gold pieces.

Inventory:

Hand Weapons
 r - a +3 quarterstaff of chaos
Missiles
 a - 42 arrows
Armour
 b - a +0 robe (melded)
 q - a +0 cloak (melded)
Jewellery
 i - a ring of stealth (left front leg)
 p - a ring of protection from cold (right front leg)
 u - a +5 ring of intelligence {unknown}
Scrolls
 d - 2 scrolls of teleportation
 e - 2 scrolls of enchant weapon
 g - 4 scrolls of identify
 h - a scroll of amnesia {unknown}
 j - 4 scrolls of remove curse
 l - a scroll of fear {unknown}
 n - a scroll of recharging {unknown}
 o - a scroll of magic mapping {unknown}
 s - a scroll of immolation {unknown}
 t - a scroll of fog {unknown}
 v - a scroll of noise {unknown}
Potions
 f - a potion of mutation
 k - 22 potions of blood
 m - a potion of might
Books
 c - a book of Changes

   Spells                             Type                      Level
   a - Beastly Appendage              Transmutation                1
   b - Sticks to Snakes               Transmutation                2
   c - Spider Form                    Transmutation/Poison         3
   d - Ice Form                       Ice/Transmutation            4
   e - Blade Hands                    Transmutation                5


   Skills:
 - Level 2.0 Fighting
 - Level 3.1 Dodging
 + Level 5.5 Unarmed Combat
 - Level 2.0 Spellcasting
 - Level 3.7 Transmutations
 - Level 2.0 Poison Magic


You had 3 spell levels left.
You knew the following spells:

 Your Spells              Type           Power        Failure   Level  Hunger
a - Beastly Appendage     Tmut           ###...       12%         1    #......
b - Sticks to Snakes      Tmut           ###.....     17%         2    ###....
c - Spider Form           Tmut/Pois      ##........   34%         3    ###....


Dungeon Overview and Level Annotations

Branches:
Dungeon (4/15)
 Temple: D:4-7

Altars:
Makhleb
Ru


Innate Abilities, Weirdness & Mutations

Your natural rate of healing is unusually fast.
((You have razor-sharp teeth.))
You have supernaturally acute eyesight. (SInv)
((You can survive without breathing.))


Message History

The two-headed ogre hits you with a giant club.
You hit the two-headed ogre but do no damage.
The two-headed ogre looks as sick as possible!
The two-headed ogre is lightly wounded.
The two-headed ogre misses you. The two-headed ogre closely misses you.
You hit the two-headed ogre.
The two-headed ogre looks as sick as possible!
The two-headed ogre is lightly wounded.
You bite the two-headed ogre!
The two-headed ogre is moderately wounded.
The two-headed ogre closely misses you. The two-headed ogre misses you.
You hit the two-headed ogre.
The two-headed ogre looks as sick as possible!
The two-headed ogre is moderately wounded.
The two-headed ogre hits you with a giant club!!
Ouch! That really hurt!
* * * LOW HITPOINT WARNING * * *
The two-headed ogre hits you with a giant club!!
Ouch! That really hurt!
You die...

#..).......#
#.########.# #.# #.#
##.########.# ###
#...........#
##.###..#######..#
..#.....# #..#
#...###########..####
................s...#
....###########.O.#.#
...## #...# # ...#
..... ...# ##.##..
...##### #. ..#
#.###.. .. ..#
#.###.# #. ..#
...##.#


You could see a two-headed ogre.

Vanquished Creatures
  An ogre (D:4)
  A hound (D:2)
  Crazy Yiuf (D:3)
  Jessica (D:3)
  An iguana (D:4)
  Robin (D:3)
  2 adders
  2 worms
  2 dart slugs (D:1)
  2 leopard geckos
  4 orcs (D:3)
  4 giant cockroaches
  13 goblins
  11 hobgoblins
  10 jackals
  4 quokkas
  A ball python (D:1)
  10 bats
  2 frilled lizards (D:3)
  7 kobolds
  5 rats
85 creatures vanquished.

Notes
Turn   | Place    | Note
-------+----------+-------------------------------------------
     0 | D:1      | JayJay1191 the Vampire Transmuter began the quest for the Orb.
     0 | D:1      | Reached XP level 1. HP: 14/14 MP: 3/3
   170 | D:1      | Reached skill level 4 in Unarmed Combat
   170 | D:1      | Reached XP level 2. HP: 18/20 MP: 1/5
   181 | D:1      | Learned a level 2 spell: Sticks to Snakes
   685 | D:1      | Reached XP level 3. HP: 20/25 MP: 6/6
   690 | D:1      | Learned a level 3 spell: Spider Form
   836 | D:2      | Found a sacrificial altar of Ru.
  1036 | D:2      | Found a burning altar of Makhleb.
  1047 | D:2      | Reached skill level 1 in Poison Magic
  1047 | D:2      | Reached XP level 4. HP: 6/31 MP: 5/7
  1597 | D:3      | Noticed Jessica
  1602 | D:3      | Killed Jessica
  1915 | D:3      | Reached XP level 5. HP: 26/36 MP: 5/8
  1939 | D:3      | Noticed Robin
  1948 | D:3      | Reached skill level 1 in Fighting
  1972 | D:3      | Killed Robin
  1996 | D:3      | HP: 1/37 [orc/war axe (8)]
  2326 | D:3      | Found a runed door.
  2456 | D:3      | Found a faded altar of an unknown god.
  2518 | D:3      | Noticed Crazy Yiuf
  2528 | D:3      | Killed Crazy Yiuf
  2684 | D:4      | Noticed an ogre
  2692 | D:4      | Killed an ogre
  2692 | D:4      | Reached skill level 5 in Unarmed Combat
  2692 | D:4      | Reached XP level 6. HP: 21/44 MP: 5/9
  2760 | D:4      | Noticed a two-headed ogre
  2770 | D:4      | Demolished by a two-headed ogre

Skill      XL: |  1  2  3  4  5 |
---------------+----------------+-----
Unarmed Combat | 4 5 |  5.5
Transmutations | 3 |  3.7
Poison Magic   | 1 2 |  2.0
Fighting       | 2 |  2.0
Dodging        | 3 |  3.1
Spellcasting   | |  2.0

Action                   |  1- 3 |  4- 6 || total
-------------------------+-------+-------++-------
Melee: Unarmed           |   105 |   174 ||   279
       Headbutt          |    13 |     7 ||    20
       Kick              |     5 |     7 ||    12
       Bite              |     6 |     8 ||    14
       Punch             |       |     1 ||     1
 Cast: Beastly Appendage |    18 |    23 ||    41
       Spider Form       |       |    10 ||    10
  Use: Potion            |    10 |    11 ||    21
       Scroll            |       |     5 ||     5
 Stab: Sleeping          |     1 |     5 ||     6
Armor: Robe              |    12 |    20 ||    32
       Skin              |       |     2 ||     2
Dodge: Dodged            |    65 |   109 ||   174
